 Dungeon Crawl Stone Soup version 0.31-a0-1612-g4aaf141004 (webtiles) character file.

Game seed: 8648933374842046531

43 jfitz the Ruffian (level 3, -1/28 HPs)
             Began as a Draconian Shapeshifter on Jan 9, 2024.
             Slain by a ribbon worm (3 damage)
             ... on level 2 of the Dungeon.
             The game lasted 00:08:57 (1221 turns).

jfitz the Ruffian (Draconian Shapeshifter)          Turns: 1221, Time: 00:08:57

Health: -1/28      AC:  5    Str: 18    XL:     3   Next: 37%
Magic:  3/3        EV:  6    Int: 10    God:
Gold:   48         SH:  0    Dex: 10    Spells: 2/2 levels left

rFire   . . .        h - +2 dagger (venom)
rCold   . . .        (no shield)
rNeg    . . .        (body armour unavailable)
rPois   .            (helmet currently unavailable)
rElec   .            (cloak currently unavailable)
rCorr   .            (gloves currently unavailable)
SInv    .            (boots currently unavailable)
Will    +....        (no amulet)
Stlth   +            (no ring)
HPRegen 0.24/turn    (no ring)
MPRegen 0.08/turn

%: no passive effects
@: about to teleport, beast-form, enlightened, flying, held
A: beast (slay +2), AC +5, unfitting armour, cold-blooded
a: Begin Untransformation


You were on level 2 of the Dungeon.
You were a hulking beast.
You visited 1 branch of the dungeon, and saw 2 of its levels.

You collected 48 gold pieces.

Inventory:

Hand Weapons
 f - a +0 club
 g - a +0 short sword
 h - a +2 dagger of venom (weapon)
 l - a +0 spear
Missiles
 e - 11 stones (quivered)
Armour
 k - a +0 ring mail
Talismans
 b - a beast talisman
 c - a flux talisman
Scrolls
 m - a scroll of poison {unknown}
Potions
 a - a potion of lignification
 d - a potion of curing


   Skills:
 + Level 1.1 Fighting
 + Level 0.4 Short Blades
 + Level 1.8 Dodging
 + Level 0.1 Stealth
 + Level 3.7 Unarmed Combat
 + Level 3.5 Shapeshifting


You had 2 spell levels left.
You didn't know any spells.
Your spell library was empty.

Dungeon Overview and Level Annotations

Branches:
Dungeon (2/15)

Altars:

Shops:
D:1 =

Annotations:
D:2 Sigmund


Innate Abilities, Weirdness & Mutations

You are a hulking beast.
Your limbs bulge with bestial killing power. (Slay +2)
Your plain brown scales are hard. (AC +5)
You cannot fit into any form of body armour.
You are cold-blooded and may be slowed by cold attacks.


Message History

You are caught in a web!
There is a web here.
The web tears apart.
The hobgoblin throws a poisoned dart.
The poisoned dart barely misses you.
Sigmund points at you and mumbles some strange words.
The magic dart hits you.
There is an open door here.
Throw: 13 stones
Press: ? - help, Q - select action Shift-Dir - straight line, f - hobgoblin
Aim: a hobgoblin, quivering poisoned darts (54% to hit)
You throw a stone. The stone barely misses the hobgoblin.
You hit the hobgoblin.
You kill the hobgoblin!
Throw: 12 stones
Press: ? - help, Q - select action Shift-Dir - straight line, f - ribbon worm
Aim: a ribbon worm (76% to hit)
You throw a stone.
The stone barely misses the ribbon worm.
Sigmund barely misses you.
You barely miss the ribbon worm. You tail-slap the ribbon worm.
The ribbon worm is moderately wounded.
You hit the ribbon worm.
The ribbon worm is severely wounded.
Sigmund barely misses you. The ribbon worm bites you.
* * * LOW HITPOINT WARNING * * *
It was a potion of enlightenment.
You feel very buoyant.
You fly up into the air.
The ribbon worm expels a string of sticky webbing.
The stream of webbing hits you but does no damage.
You are caught in a web!
Sigmund gestures wildly while chanting.
Sigmund flickers and vanishes!
Deactivating autopickup; reactivate with Ctrl-A.
As you read the scroll labelled GEEMIB XOMNYU, it crumbles to dust.
You feel strangely unstable.
It was a scroll of teleportation.
Something hits you!
* * * LOW HITPOINT WARNING * * *
The ribbon worm bites you.
You die...

#### #####..###
#........###
#...#g{....###
#...#w#...g..###
#..)#h###@.....###
#..†#...###......###
#####...###...###......#
##.......#
###...###......#
##........# ##††#
..)..## #.........#
...## ....## #.........#
#..## ...## #.........#
...# ..##
#.........##..# .##


You could see a ribbon worm and a goblin.

Vanquished Creatures
  2 endoplasms (D:1)
  4 goblins
  4 hobgoblins
  4 jackals (D:1)
  3 kobolds
  4 quokkas (D:1)
  6 ball pythons
  4 bats
  2 frilled lizards (D:2)
  2 rats
35 creatures vanquished.

Notes
Turn   | Place    | Note
-------+----------+-------------------------------------------
     0 | D:1      | jfitz the Draconian Shapeshifter began the quest for the
                  | Orb.
     0 | D:1      | Reached XP level 1. HP: 16/16 MP: 1/1
   133 | D:1      | Reached XP level 2. HP: 18/23 MP: 2/2
   710 | D:1      | Found Qavak's Jewellery Boutique.
   784 | D:1      | Reached XP level 3. HP: 25/28 MP: 3/3
  1191 | D:2      | Noticed Sigmund
  1221 | D:2      | Slain by a ribbon worm

Illustrated notes

Levels and vault maps discovered:
D:1:      saegor_arrival_fortress, layout_loops_corners, serial_shops,
          nicolae_shop_tiny_real_fake_doors, minmay_3d_cube
D:2:      minmay_razor_zed, layout_rooms, nicolae_ecumenical_pavilion,
          minmay_tetromino_o2, uniq_sigmund

Action                     || total
---------------------------++-------
  Melee: Unarmed           ||    29
         Tailslap          ||    10
         Dagger            ||    45
         Punch             ||     1
  Throw: Stone             ||     3
    Use: Potion            ||     2
         Scroll            ||     1
   Stab: Sleeping          ||     1
 Armour: Skin              ||    48
  Dodge: Dodged            ||    47

Table legend: (Time is in decaauts)
 A = Elapsed time spent in this place.
 B = Non-inter-level travel time spent in this place.
 C = Inter-level travel time spent in this place.
 D = Time resting spent in this place.
 E = Time spent auto-exploring this place.
 F = Levels seen in this place.
 G = Mean time per level.
                   A        B        C        D        E       F      G
               +--------+--------+--------+--------+--------+-----+--------+
         Total |   1220 |   1139 |     81 |     69 |    843 |   2 |  610.0 |
       Dungeon |   1220 |   1139 |     81 |     69 |    843 |   2 |  610.0 |
               +--------+--------+--------+--------+--------+-----+--------+

Top non-repeatable levels by time:
     D:1: 1116 daAuts
     D:2: 103 daAuts
